 Dungeon Crawl Stone Soup version 0.19.1 (webtiles) character file.

42 dajomu the Skirmisher (level 3, 0/26 HPs)
             Began as a High Elf Fighter on Dec 12, 2016.
             Slain by Terence
             ... wielding a +0 flail
              (5 damage)
             ... on level 2 of the Dungeon.
             The game lasted 00:06:47 (1355 turns).

dajomu the Skirmisher (High Elf Fighter)            Turns: 1355, Time: 00:06:47

Health: 0/26       AC:  6    Str: 16    XL:     3   Next: 33%
Magic:  4/4        EV:  7    Int: 12    God:
Gold:   41         SH:  9    Dex: 14    Spells: 0 memorised, 2 levels left

rFire  . . .     SeeInvis .     a - +0 long sword
rCold  . . .     Gourm    .     b - +0 scale mail
rNeg   . . .     Faith    .     c - +0 shield
rPois  .         Spirit   .     (no helmet)
rElec  .         Reflect  .     (no cloak)
rCorr  .         Harm     .     (no gloves)
MR     .....                    (no boots)
Stlth  ..........               (no amulet)
                                (no ring)
                                (no ring)

@: no status effects
A: no striking features
a: no special abilities


You were on level 2 of the Dungeon.
You were near starving.

You visited 1 branch of the dungeon, and saw 2 of its levels.

You collected 41 gold pieces.

Inventory:

Hand Weapons
 a - a +0 long sword (weapon)
Missiles
 j - 25 bolts
Armour
 b - a +0 scale mail (worn)
 c - a +0 shield (worn)
Jewellery
 i - a +3 amulet of reflection {unknown}
Scrolls
 l - a scroll of identify {unknown}
 m - a scroll of fog {unknown}
 p - a scroll of teleportation {unknown}
 q - a scroll of remove curse {unknown}
 r - a scroll of fear {unknown}
Potions
 d - a potion of might
 e - 2 potions of haste {unknown}
 h - 2 potions of curing {unknown}
 k - a potion of berserk rage {unknown}
 n - a potion of beneficial mutation {unknown}
Books
 o - a book of Misfortune

   Spells                             Type                      Level
   a - Confusing Touch                Hexes                        1
   b - Confuse                        Hexes                        3
   c - Gell's Gravitas                Hexes/Translocation          3
   d - Petrify                        Transmutation/Earth          4
   e - Metabolic Englaciation         Hexes/Ice                    5
   f - Yara's Violent Unravelling     Hexes/Transmutation          5
Comestibles
 f - a bread ration


   Skills:
 + Level 3.3 Fighting
 + Level 3.0 Long Blades
 + Level 3.1 Armour
 + Level 0.2 Dodging
 + Level 3.1 Shields


You had 2 spell levels left.
You didn't know any spells.

Dungeon Overview and Level Annotations

Branches:
Dungeon (2/15)

Altars:

Annotations:
D:2 Terence


Message History

You start eating the bread ration.
Keep eating?
You stop eating.
Okay, then.
You barely miss Terence. Terence hits you with a flail.
* * * LOW HITPOINT WARNING * * *
Unknown command.
You hit Terence but do no damage. You block Terence's attack.
You closely miss Terence. Terence barely misses you.
You riposte.
Your shield and scale mail prevent you from hitting Terence.
You hit Terence but do no damage. Terence hits you but does no damage.
You barely miss Terence. Terence hits you but does no damage.
Terence hits you with a flail.
* * * LOW HITPOINT WARNING * * *
You hit Terence but do no damage. You block Terence's attack.
You barely miss Terence. You block Terence's attack.
You hit Terence but do no damage. Terence hits you with a flail.
* * * LOW HITPOINT WARNING * * *
You barely miss Terence. Terence hits you with a flail.
You die...

*#....,*****,#.# #.#.#
#....## *,#.#######.#.#
##.....## *,#.#.....)K..#
#.......####.#)#(#####.###
#............#.#.#####.#
#.......######÷....K...#
##..............K#######
##....#######.#@#
####.#*#..†..#@#
#.##.#.####.#
###.#.###.###.# #....##
*#....# #.#.#.###.##### ##
#.#.##.#.#* .# #.#.###.#*
.# #.#.###.# .###.......#


You could see Terence and a kobold.

Vanquished Creatures
  A dart slug (D:1)
  A leopard gecko (D:2)
  5 bats
  2 giant cockroaches (D:1)
  3 goblins
  3 hobgoblins
  6 jackals
  2 ball pythons
  2 frilled lizards
  5 kobolds
  6 rats (D:1)
36 creatures vanquished.

Notes
Turn   | Place    | Note
-------+----------+-------------------------------------------
     0 | D:1      | dajomu the High Elf Fighter began the quest for the Orb.
     0 | D:1      | Reached XP level 1. HP: 16/16 MP: 2/2
   217 | D:1      | Reached XP level 2. HP: 21/21 MP: 3/3
  1043 | D:2      | Reached XP level 3. HP: 25/26 MP: 4/4
  1278 | D:2      | Noticed Terence
  1355 | D:2      | Slain by Terence

Skill      XL: |  1  2  3 |
---------------+----------+-----
Armour         | 3 |  3.1
Shields        | 3 |  3.1
Long Blades    | 3 |  3.0
Fighting       | |  3.3
Dodging        | |  0.2

Action                   || total
-------------------------++-------
Melee: Long sword        ||   143
  Use: Scroll            ||     1
Armor: Scale mail        ||    59
Dodge: Dodged            ||    40
Block: Shield            ||    81
       Rpst.: Long sword ||    17
